TOP OF THE 1ST |
---|
Kenilworth Aces batting - Pitching for Nevada Noise : RHP José López | Pitching: RHP José López | | Batting: LHB Barrett Waters | 0-0: Fly out, F8 (Flyball, 8LD) | Batting: RHB Andrés Lara | 0-0: Ball 1-0: Fly out, F8 (Flyball, 8LM) | Batting: SHB Julián Madrid | 0-0: Swinging Strike 0-1: Swinging Strike 0-2: Strikes out swinging | Top of the 1st over - 0 runs, 0 hits, 0 errors, 0 left on base; Kenilworth 0 - Nevada 0 | BOTTOM OF THE 1ST |
---|
Nevada Noise batting - Pitching for Kenilworth Aces : RHP Walt Burton | Pitching: RHP Walt Burton | | Batting: RHB Pedro Rosado | 0-0: Called Strike 0-1: Fly out, F8 (Line Drive, 89D) | Batting: RHB Fernando Gálvez | 0-0: Ground out 6-3 (Groundball, 56D) | Batting: LHB Santiago Márquez | 0-0: Ball 1-0: Called Strike 1-1: Ball 2-1: Foul Ball, location: 2F 2-2: Ball 3-2: DOUBLE (Line Drive, 89D) | Batting: RHB Luis Cruz | 0-0: Ball 1-0: Swinging Strike 1-1: Ball 2-1: Swinging Strike 2-2: Foul Ball, location: 2F 2-2: Ground out 2-3 (Groundball, 2R) | Bottom of the 1st over - 0 runs, 1 hit, 0 errors, 1 left on base; Kenilworth 0 - Nevada 0 | TOP OF THE 2ND |
---|
Kenilworth Aces batting - Pitching for Nevada Noise : RHP José López | Batting: LHB Roy Patrick | 0-0: Ball 1-0: Swinging Strike 1-1: Swinging Strike 1-2: Ball 2-2: SINGLE (Line Drive, 4D) | Batting: LHB Roger Moore | 0-0: Ball 1-0: Ball 2-0: Ball 3-0: Base on Balls Roy Patrick to second | Batting: RHB Wilbert Rodgers | 0-0: Fly out, F6 (Popup, 56) | Batting: LHB Jim Jensen | 0-0: Called Strike Roy Patrick steals 3rd base Roger Moore to second 0-1: Ground out 4-3 (Groundball, 4D) Roy Patrick scores Roger Moore to third | Batting: RHB Luis Sánchez | 0-0: Ball 1-0: Called Strike 1-1: Ball 2-1: Called Strike 2-2: Foul Ball, location: 2F 2-2: Ball 3-2: SINGLE (Groundball, 6MD) Roger Moore scores | Batting: RHB Taylor McFarland | 0-0: Ball 1-0: Fly out, F7 (Flyball, 7LM) | Top of the 2nd over - 2 runs, 2 hits, 0 errors, 1 left on base; Kenilworth 2 - Nevada 0 | BOTTOM OF THE 2ND |
---|
Nevada Noise batting - Pitching for Kenilworth Aces : RHP Walt Burton | Batting: LHB Pablo Reyes | 0-0: Called Strike 0-1: Foul Ball, location: 2F 0-2: Ball 1-2: Foul Ball, location: 2F 1-2: Fly out, F9 (Line Drive, 9) | Batting: RHB Rich Ruffin | 0-0: Ball 1-0: Called Strike 1-1: DOUBLE (Line Drive, 7LM) | Batting: LHB Milton Watson | 0-0: Foul Ball, location: 2F 0-1: Swinging Strike 0-2: Ball 1-2: Ball 2-2: SINGLE (Groundball, 56D) Rich Ruffin to third | Batting: RHB Andrew Good | 0-0: Ball 1-0: Swinging Strike 1-1: Ball 2-1: Swinging Strike 2-2: Ball Wild Pitch! Rich Ruffin scores Milton Watson to second 3-2: Foul Ball, location: 2F 3-2: Strikes out swinging | Batting: RHB Jorge Márquez | 0-0: Ball 1-0: Called Strike 1-1: Fly out, F9 (Line Drive, 89S) | Bottom of the 2nd over - 1 run, 2 hits, 0 errors, 1 left on base; Kenilworth 2 - Nevada 1 | TOP OF THE 3RD |
---|
Kenilworth Aces batting - Pitching for Nevada Noise : RHP José López | Batting: LHB Barrett Waters | 0-0: Ground out 1-3 (Groundball, P) | Batting: RHB Andrés Lara | 0-0: Called Strike 0-1: Ball 1-1: Ball 2-1: Called Strike 2-2: Strikes out swinging | Batting: SHB Julián Madrid | 0-0: Ball 1-0: SINGLE (Groundball, 3D) | Batting: LHB Roy Patrick | 0-0: Called Strike 0-1: Fly out, F9 (Flyball, 89D) | Top of the 3rd over - 0 runs, 1 hit, 0 errors, 1 left on base; Kenilworth 2 - Nevada 1 | BOTTOM OF THE 3RD |
---|
Nevada Noise batting - Pitching for Kenilworth Aces : RHP Walt Burton | Batting: RHB Pedro Rosado | 0-0: Called Strike 0-1: Called Strike 0-2: Foul Ball, location: 2F 0-2: Ball 1-2: Ball 2-2: Ball 3-2: Ground out 3-1 (Groundball, 34) | Batting: RHB Fernando Gálvez | 0-0: SINGLE (Line Drive, 7S) | Batting: LHB Santiago Márquez | 0-0: Ball Fernando Gálvez steals 2nd base 1-0: Swinging Strike 1-1: Ground out 6-3 (Groundball, 6) Fernando Gálvez to third | Batting: RHB Luis Cruz | 0-0: Ball 1-0: Ball 2-0: Ball 3-0: Called Strike 3-1: Foul Ball, location: 2F 3-2: Foul Ball, location: 2F 3-2: Ground out 4-3 (Groundball, 34) | Bottom of the 3rd over - 0 runs, 1 hit, 0 errors, 1 left on base; Kenilworth 2 - Nevada 1 | TOP OF THE 4TH |
---|
Kenilworth Aces batting - Pitching for Nevada Noise : RHP José López | Batting: LHB Roger Moore | 0-0: Ball 1-0: Foul Ball, location: 2F 1-1: Swinging Strike 1-2: Foul Ball, location: 2F 1-2: Foul Ball, location: 2F 1-2: Foul Ball, location: 2F 1-2: Strikes out swinging | Batting: RHB Wilbert Rodgers | 0-0: Ball 1-0: Ball 2-0: SINGLE (Groundball, 56D) | Batting: LHB Jim Jensen | 0-0: Ball 1-0: Foul Ball, location: 2F 1-1: Swinging Strike 1-2: Foul Ball, location: 2F 1-2: Ball 2-2: Grounds into double play, 4-6-3 (Groundball, 4) | Top of the 4th over - 0 runs, 1 hit, 0 errors, 0 left on base; Kenilworth 2 - Nevada 1 | BOTTOM OF THE 4TH |
---|
Nevada Noise batting - Pitching for Kenilworth Aces : RHP Walt Burton | Batting: LHB Pablo Reyes | 0-0: Ball 1-0: Foul Ball, location: 2F 1-1: Ball 2-1: Foul Ball, location: 2F 2-2: Strikes out looking | Batting: RHB Rich Ruffin | 0-0: Ball 1-0: Fly out, F3 (Popup, 23F) | Batting: LHB Milton Watson | 0-0: Ball 1-0: Foul Ball, location: 2F 1-1: Ball 2-1: Ball 3-1: SOLO HOME RUN (Flyball, 7D), Distance : 405 ft | Batting: RHB Andrew Good | 0-0: Ball 1-0: SOLO HOME RUN (Flyball, 7D), Distance : 414 ft | Batting: RHB Jorge Márquez | 0-0: Ball 1-0: Ball 2-0: Ball 3-0: Called Strike 3-1: Foul Ball, location: 2F 3-2: SINGLE (Groundball, 25) (infield hit) | Batting: RHB Pedro Rosado | 0-0: Called Strike 0-1: Ball 1-1: Ball Wild Pitch! Jorge Márquez to second 2-1: Foul Ball, location: 2F 2-2: Ball 3-2: Strikes out swinging | Bottom of the 4th over - 2 runs, 3 hits, 0 errors, 1 left on base; Kenilworth 2 - Nevada 3 | TOP OF THE 5TH |
---|
Kenilworth Aces batting - Pitching for Nevada Noise : RHP José López | Batting: RHB Luis Sánchez | 0-0: Ball 1-0: Foul Ball, location: 2F 1-1: Ball 2-1: Foul Ball, location: 2F 2-2: Foul Ball, location: 2F 2-2: Ball 3-2: Fly out, F9 (Line Drive, 9) | Batting: RHB Taylor McFarland | 0-0: Called Strike 0-1: Foul Ball, location: 2F 0-2: Ball 1-2: Ball 2-2: Fly out, F8 (Flyball, 8RD) | Batting: LHB Barrett Waters | 0-0: Called Strike 0-1: SINGLE (Groundball, 23) (infield hit) | Batting: RHB Andrés Lara | 0-0: Ball 1-0: Ball 2-0: Foul Ball, location: 2F 2-1: Swinging Strike 2-2: Ball Barrett Waters steals 2nd base 3-2: Reached on error, E5 (Groundball, 56S) Barrett Waters to third | Batting: SHB Julián Madrid | 0-0: Ball 1-0: Foul Ball, location: 2F 1-1: Ball 2-1: Ball 3-1: Called Strike 3-2: Fly out, F9 (Flyball, 9) | Top of the 5th over - 0 runs, 1 hit, 1 error, 2 left on base; Kenilworth 2 - Nevada 3 | BOTTOM OF THE 5TH |
---|
Nevada Noise batting - Pitching for Kenilworth Aces : RHP Walt Burton | Batting: RHB Fernando Gálvez | 0-0: Foul Ball, location: 2F 0-1: SINGLE (Groundball, 6MD) | Batting: LHB Santiago Márquez | 0-0: Called Strike 0-1: Ball 1-1: Ball 2-1: Ball 3-1: Called Strike 3-2: Fly out, F5 (Popup, 5F) | Batting: RHB Luis Cruz | 0-0: Ball 1-0: Called Strike 1-1: Ball 2-1: Fly out, F9 (Flyball, 9LS) | Batting: LHB Pablo Reyes | 0-0: Ball 1-0: Ball 2-0: Ball 3-0: Called Strike 3-1: Fly out, F9 (Flyball, 9) | Bottom of the 5th over - 0 runs, 1 hit, 0 errors, 1 left on base; Kenilworth 2 - Nevada 3 | TOP OF THE 6TH |
---|
Kenilworth Aces batting - Pitching for Nevada Noise : RHP José López | Batting: LHB Roy Patrick | 0-0: Ball 1-0: Ball 2-0: Ball 3-0: SINGLE (Line Drive, 78S) | Batting: LHB Roger Moore | 0-0: Fly out, F8 (Flyball, 8RM) | Batting: RHB Wilbert Rodgers | 0-0: Ball 1-0: Called Strike 1-1: Swinging Strike 1-2: Strikes out swinging | Batting: LHB Jim Jensen | 0-0: Called Strike 0-1: Foul Ball, location: 2F 0-2: Ball 1-2: Strikes out swinging | Top of the 6th over - 0 runs, 1 hit, 0 errors, 1 left on base; Kenilworth 2 - Nevada 3 | BOTTOM OF THE 6TH |
---|
Nevada Noise batting - Pitching for Kenilworth Aces : RHP Walt Burton | Batting: RHB Rich Ruffin | 0-0: Fly out, F3 (Popup, 3SF) | Batting: LHB Milton Watson | 0-0: Ball 1-0: Ball 2-0: Foul Ball, location: 2F 2-1: Ball 3-1: Called Strike 3-2: Base on Balls | Batting: RHB Andrew Good | 0-0: Called Strike 0-1: Ball 1-1: Grounds into double play, 1-6-3 (Groundball, 13) | Bottom of the 6th over - 0 runs, 0 hits, 0 errors, 0 left on base; Kenilworth 2 - Nevada 3 | TOP OF THE 7TH |
---|
Kenilworth Aces batting - Pitching for Nevada Noise : RHP José López | Batting: RHB Luis Sánchez | 0-0: Called Strike 0-1: Foul Ball, location: 2F 0-2: Strikes out swinging | Batting: RHB Taylor McFarland | 0-0: Ball 1-0: Ground out 6-3 (Groundball, 6) | Batting: LHB Barrett Waters | 0-0: SINGLE (Flyball, 7LS) | Batting: RHB Andrés Lara | 0-0: Ball 1-0: Foul Ball, location: 2F 1-1: Ball Barrett Waters is caught stealing 2nd base | Top of the 7th over - 0 runs, 1 hit, 0 errors, 0 left on base; Kenilworth 2 - Nevada 3 | BOTTOM OF THE 7TH |
---|
Nevada Noise batting - Pitching for Kenilworth Aces : RHP Walt Burton | Pitching: RHP Pablo Cabral | | Batting: RHB Jorge Márquez | 0-0: Swinging Strike 0-1: Ball 1-1: Ball 2-1: Foul Ball, location: 2F 2-2: Foul Ball, location: 2F 2-2: Ball 3-2: Foul Ball, location: 2F 3-2: Foul Ball, location: 2F 3-2: DOUBLE (Flyball, 89D) | Batting: RHB Pedro Rosado | 0-0: Swinging Strike 0-1: Foul Ball, location: 2F 0-2: Ball 1-2: Fly out, F8 (Line Drive, 8LD) | Batting: RHB Fernando Gálvez | 0-0: Ball 1-0: Called Strike 1-1: Ball 2-1: Ball 3-1: Foul Ball, location: 2F 3-2: Foul Ball, location: 2F 3-2: Foul Ball, location: 2F 3-2: Base on Balls | Batting: LHB Santiago Márquez | 0-0: Ball 1-0: SINGLE (Groundball, 4D) Jorge Márquez to third Fernando Gálvez to second | Batting: RHB Luis Cruz | 0-0: Called Strike 0-1: Swinging Strike 0-2: Ball 1-2: Ball 2-2: Ball 3-2: Foul Ball, location: 2F 3-2: Foul Ball, location: 2F 3-2: Strikes out looking | Batting: LHB Pablo Reyes | 0-0: Called Strike 0-1: Foul Ball, location: 2F 0-2: Ball 1-2: Ball 2-2: Strikes out swinging | Bottom of the 7th over - 0 runs, 2 hits, 0 errors, 3 left on base; Kenilworth 2 - Nevada 3 | TOP OF THE 8TH |
---|
Kenilworth Aces batting - Pitching for Nevada Noise : RHP José López | Pitching: LHP Yoshihiro Hasegawa | | Batting: RHB Andrés Lara | 0-0: SINGLE (Line Drive, 9LM) | Batting: SHB Julián Madrid | 0-0: Ball 1-0: Called Strike 1-1: Fly out, F7 (Flyball, 78D) | Batting: LHB Roy Patrick | 0-0: Ball 1-0: Swinging Strike 1-1: Called Strike 1-2: Ball 2-2: Ball 3-2: Base on Balls Andrés Lara to second | Batting: LHB Roger Moore | 0-0: Ball 1-0: Ball 2-0: Ball 3-0: Called Strike 3-1: Swinging Strike 3-2: Strikes out swinging | Batting: RHB Wilbert Rodgers | 0-0: Swinging Strike 0-1: Ball 1-1: Ball 2-1: DOUBLE (Flyball, 89XD) Andrés Lara scores Roy Patrick to third Runner from 3rd tries for Home, SAFE, no throw | Pinch Hitting: RHB Hollis Wood | 0-0: Foul Ball, location: 2F 0-1: SINGLE (Groundball, 56D) Wilbert Rodgers to third Runner from 3rd tries for Home, SAFE, no throw | Pitching: LHP David Taylor | | Batting: RHB Luis Sánchez | 0-0: Called Strike 0-1: Ball 1-1: Ball 2-1: Fly out, F9 (Flyball, 9LS) | Top of the 8th over - 3 runs, 3 hits, 0 errors, 1 left on base; Kenilworth 5 - Nevada 3 | BOTTOM OF THE 8TH |
---|
Nevada Noise batting - Pitching for Kenilworth Aces : RHP Pablo Cabral | Now at 2B: Roberto García | | Batting: RHB Rich Ruffin | 0-0: Foul Ball, location: 2F 0-1: Ground out 6-3 (Groundball, 6M) | Batting: LHB Milton Watson | 0-0: Ball 1-0: Foul Ball, location: 2F 1-1: Ball 2-1: Called Strike 2-2: Ball 3-2: Base on Balls | Batting: RHB Andrew Good | 0-0: Called Strike 0-1: Called Strike 0-2: Ball 1-2: Strikes out swinging | Batting: RHB Jorge Márquez | 0-0: Fly out, F8 (Flyball, 8LM) | Bottom of the 8th over - 0 runs, 0 hits, 0 errors, 1 left on base; Kenilworth 5 - Nevada 3 | TOP OF THE 9TH |
---|
Kenilworth Aces batting - Pitching for Nevada Noise : LHP David Taylor | Batting: RHB Taylor McFarland | 0-0: Ball 1-0: Ball 2-0: Called Strike 2-1: Ball 3-1: SINGLE (Groundball, 6MD) | Batting: LHB Barrett Waters | 0-0: Ball 1-0: Sac Bunt - play at first, batter OUT! 1-4 Taylor McFarland to second | Batting: RHB Andrés Lara | 0-0: Intentional Walk | Batting: SHB Julián Madrid | 0-0: Swinging Strike 0-1: Ball Wild Pitch! Taylor McFarland to third Andrés Lara to second 1-1: Called Strike 1-2: Foul Ball, location: 2F 1-2: Fly out, F3 (Popup, 23F) | Batting: LHB Roy Patrick | 0-0: Called Strike 0-1: Foul Ball, location: 2F 0-2: Foul Ball, location: 2F 0-2: Strikes out looking | Top of the 9th over - 0 runs, 1 hit, 0 errors, 2 left on base; Kenilworth 5 - Nevada 3 | BOTTOM OF THE 9TH |
---|
Nevada Noise batting - Pitching for Kenilworth Aces : RHP Pablo Cabral | Pitching: RHP Robinson Gonzáles | | Batting: RHB Pedro Rosado | 0-0: Ball 1-0: Foul Ball, location: 2F 1-1: Foul Ball, location: 2F 1-2: Strikes out looking | Batting: RHB Fernando Gálvez | 0-0: Ball 1-0: Foul Ball, location: 2F 1-1: Swinging Strike 1-2: Ball 2-2: Foul Ball, location: 2F 2-2: Ground out 6-3 (Groundball, 56D) | Batting: LHB Santiago Márquez | 0-0: Called Strike 0-1: Ball 1-1: Foul Ball, location: 2F 1-2: Ball 2-2: Fly out, F9 (Line Drive, 9D) | Bottom of the 9th over - 0 runs, 0 hits, 0 errors, 0 left on base; Kenilworth 5 - Nevada 3 | |